 Dungeon Crawl Stone Soup version 0.19.4-8-ga85b6b9 (console) character file.

29 Grinner the Ruffian (level 3, -4/28 HPs)
             Began as a Minotaur Transmuter on Feb 8, 2017.
             Slain by a worm (11 damage)
             ... on level 2 of the Dungeon.
             The game lasted 00:01:31 (1180 turns).

Grinner the Ruffian (Minotaur Transmuter)           Turns: 1180, Time: 00:01:31

Health: -4/28      AC:  2    Str: 14    XL:     3   Next: 1%
Magic:  3/4        EV: 12    Int: 11    God:
Gold:   75         SH:  0    Dex: 10    Spells: 1 memorised, 3 levels left

rFire  . . .     SeeInvis +       - Unarmed
rCold  . . .     Gourm    .     b - +0 robe
rNeg   . . .     Faith    .     (no shield)
rPois  .         Spirit   .     (helmet restricted)
rElec  .         Reflect  .     (no cloak)
rCorr  .         Harm     .     (no gloves)
MR     .....                    (boots currently unavailable)
Stlth  +.........               (no amulet)
                                (no ring)
                                i - ring of see invisible

@: appendage
A: retaliatory headbutt, horns 2, talons 3
a: End Transformation


You were on level 2 of the Dungeon.
You were hungry.
You had grown temporary talons.
You visited 1 branch of the dungeon, and saw 2 of its levels.

You collected 75 gold pieces.

Inventory:

Missiles
 a - 40 arrows
Armour
 b - a +0 robe (worn)
Jewellery
 i - a ring of see invisible (left hand)
Scrolls
 e - 2 scrolls of recharging {unknown}
 h - 2 scrolls of teleportation {unknown}
 l - 2 scrolls of identify {unknown}
 m - a scroll of fear {unknown}
Potions
 g - 2 potions of brilliance {unknown}
 k - a potion of flight {unknown}
 n - a potion of mutation {unknown}
 o - a potion of resistance {unknown}
 p - a potion of curing {unknown}
Books
 c - a book of Changes

   Spells                             Type                      Level
   a - Beastly Appendage              Transmutation                1
   b - Sticks to Snakes               Transmutation                2
   c - Spider Form                    Transmutation/Poison         3
   d - Ice Form                       Ice/Transmutation            4
   e - Blade Hands                    Transmutation                5
Comestibles
 d - a bread ration
 f - 2 beef jerkies
 j - a royal jelly


   Skills:
 - Level 1.2 Fighting
 + Level 2.5 Dodging
 * Level 4.1 Unarmed Combat
 - Level 1.3 Spellcasting
 + Level 1.9 Transmutations


You had 3 spell levels left.
You knew the following spells:

 Your Spells              Type           Power        Failure   Level  Hunger
z - Beastly Appendage     Tmut           #.....       17%         1    ##.....


Dungeon Overview and Level Annotations

Branches:
Dungeon (2/15)

Altars:
Dithmenos


Innate Abilities, Weirdness & Mutations

You reflexively headbutt those who attack you in melee.
You have a pair of horns on your head.
You have claws for feet.


Message History

The worm is lightly wounded.
The worm misses you.
You barely miss the worm. You barely miss the worm. You headbutt the worm!
The worm is heavily wounded.
The worm bites you.
You hit the worm but do no damage.
The worm is heavily wounded.
The worm bites you!
* * * LOW HITPOINT WARNING * * *
You are too injured to fight recklessly!
Things that are here:
a club; a hobgoblin corpse
Casting: Beastly Appendage
Confirm with . or Enter, or press ? or * to list all spells.
Your feet morph into talons.
You hit the worm.
The worm is heavily wounded.
The worm bites you!
You die...

... ##.......#
#..###..##..†#
#..#..###...#
##.....##....#
.............#
.........##..#
#..._...####.#
........w##..###
........@)[.....
##.....##.......
#..#.. #......
#..###. $.....
... #. ...... #.
.. ..... ..
..... ####


You could see a worm.

Vanquished Creatures
  An ooze (D:1)
  A dart slug (D:1)
  A giant cockroach (D:2)
  A goblin (D:1)
  8 hobgoblins
  4 bats
  2 frilled lizards (D:1)
  A kobold (D:2)
  3 rats (D:1)
22 creatures vanquished.

Notes
Turn   | Place    | Note
-------+----------+-------------------------------------------
     0 | D:1      | Grinner the Minotaur Transmuter began the quest for the Orb.
     0 | D:1      | Reached XP level 1. HP: 16/16 MP: 1/1
   180 | D:1      | Reached XP level 2. HP: 9/23 MP: 3/3
   816 | D:1      | Reached skill level 4 in Unarmed Combat
  1005 | D:2      | Found a shadowy altar of Dithmenos.
  1024 | D:2      | Reached XP level 3. HP: 8/28 MP: 4/4
  1180 | D:2      | Slain by a worm

Skill      XL: |  1  2 |
---------------+-------+-----
Unarmed Combat | 4 |  4.1
Fighting       | |  1.2
Dodging        | |  2.5
Spellcasting   | |  1.3
Transmutations | |  1.9

Action                   || total
-------------------------++-------
Melee: Unarmed           ||    65
       Headbutt          ||     7
 Cast: Beastly Appendage ||     2
 Stab: Distracted        ||     1
Armor: Robe              ||     5
Dodge: Dodged            ||    46
